 Dungeon Crawl Stone Soup version 0.28-a0-32-g8dfe7f97f6 (webtiles) character file.

Game seed: 8483956741089053619

1438 wakim the Basher (level 8, -2/71 HPs)
             Began as a Minotaur Berserker on July 27, 2021.
             Was a Believer of Trog.
             Killed by divine providence
             ... invoked by an orc priest
              (12 damage)
             ... on level 5 of the Dungeon.
             The game lasted 00:14:44 (4643 turns).

wakim the Basher (Minotaur Berserker)               Turns: 4643, Time: 00:14:45

Health: -2/71      AC: 12    Str: 23    XL:     8   Next: 45%
Magic:  7/7        EV:  9    Int:  6    God:    Trog [**....]
Gold:   306        SH:  0    Dex:  9    Spells: 7/7 levels left

rFire   . . .      SeeInvis .   b - +1 flail
rCold   . . .      Faith    .   (no shield)
rNeg    . . .      Spirit   .   c - +0 chain mail
rPois   .          Reflect  .   (helmet restricted)
rElec   .          Harm     .   e - +0 cloak
rCorr   .          Rampage  .   (no gloves)
Will    ++...                   (no boots)
Stlth   ..........              (no amulet)
HPRegen 1.21/turn               (no ring)
MPRegen 0.10/turn               (no ring)

@: strong-willed, regenerating
A: horns 2, retaliatory headbutt
a: Renounce Religion, Berserk, Trog's Hand


You were on level 5 of the Dungeon.
You worshipped Trog.
Trog was pleased with you.
You visited 1 branch of the dungeon, and saw 5 of its levels.

You collected 306 gold pieces.

Inventory:

Hand Weapons
 b - a +1 flail (weapon)
 i - a +0 hunting sling
Missiles
 a - 15 bolts
 g - 92 sling bullets
 l - 13 boomerangs
 m - 21 poisoned darts (quivered)
Armour
 c - a +0 chain mail (worn)
 e - a +0 cloak (worn)
Wands
 t - a wand of digging (5)
 y - a wand of paralysis (8)
Scrolls
 r - a scroll of identify
 Q - a scroll of immolation {!r!r}
Potions
 d - a potion of mutation {unknown}
 F - 2 potions of curing
 G - a potion of flight


   Skills:
 + Level 6.3 Fighting
 * Level 8.1 Maces & Flails
 + Level 3.3 Throwing
 * Level 7.7 Armour
 - Level 3.0 Dodging


You had 7 spell levels left.
You didn't know any spells.
Your spell library was empty.

Dungeon Overview and Level Annotations

Branches:
Dungeon (5/15)
 Temple: D:4-7

Altars:


Innate Abilities, Weirdness & Mutations

You have a pair of horns on your head.
You reflexively headbutt those who attack you in melee.


Message History

The orc priest shouts!
The orc wizard shouts!
The orc priest hits you but does no damage.
The orc priest hits you with a +0 mace.
You see here the +5 spear of Indignation {vamp, rElec rC- Str+2}.
You closely miss the orc priest.
The orc priest calls down the wrath of Beogh upon you.
Pain shoots through your body!
You barely miss the orc priest.
The orc priest mumbles some strange prayers to Beogh against you.
Beogh smites you!
* * * LOW HITPOINT WARNING * * *
The orc priest calls down the wrath of Beogh upon you.
Beogh smites you!
* * * LOW HITPOINT WARNING * * *
Your skin crawls.
You feel strong-willed. The orc wizard barely misses you.
You barely miss the orc priest.
The orc priest invokes the aid of Beogh against you.
Beogh smites you!
* * * LOW HITPOINT WARNING * * *
The orc wizard hits you but does no damage.
The orc priest hits you but does no damage.
You hit the orc wizard.
The orc wizard is moderately wounded.
The orc wizard completely misses you.
The orc priest looks encouraged for a moment.
You hit the orc wizard.
The orc wizard is severely wounded.
The orc wizard hits you but does no damage.
You thump the orc wizard!
You kill the orc wizard!
Trog accepts your kill.
Trog appreciates your killing of a magic user.
You sock the orc priest! You headbutt the orc priest.
The orc priest is heavily wounded.
The orc priest closely misses you.
The orc priest mumbles some strange prayers to Beogh against you.
Beogh smites you!
You die...

#########........
......# ########.
#####.####### ###
#####...)...# >.#
.......####.# #.#
######.# #.# #.# #.#
#.# #.#
#.####.######.#######
#..........@oo.......
######.######.######.
#.# #.# #?# #.# #.#
#.# #.# #.# #.# #.#
#.# ..# #..


You could see 2 orc priests.

Vanquished Creatures
  Sigmund (D:3)
  Eustachio (D:4)
  Duvessa (D:4)
  The ghost of zurenarrh the Chucker, an amateur OgHu of Wu Jian (D:3)
  An ice beast (D:5)
  2 necrophages
  An ogre (D:5)
  A phantom (D:4)
  A bullfrog (D:3)
  Dowan (D:4)
  A scorpion (D:5)
  An orc priest (D:5)
  A jelly (D:4)
  An iguana (D:4)
  Terence (D:3)
  An orc wizard (D:5)
  8 adders
  4 gnolls
  A river rat (D:3)
  A white imp (D:3)
  3 worms
  2 dart slugs
  4 orcs
  7 bats
  8 endoplasms
  2 giant cockroaches
  8 goblins
  6 hobgoblins
  3 jackals (D:5)
  3 kobolds
  2 quokkas
  8 ball pythons
  A frilled lizard (D:3)
  A jackal skeleton (D:2)
  2 rats (D:1)
91 creatures vanquished.

Notes
Turn   | Place    | Note
-------+----------+-------------------------------------------
     0 | D:1      | wakim the Minotaur Berserker began the quest for the Orb.
     0 | D:1      | Reached XP level 1. HP: 19/19 MP: 0/0
   240 | D:1      | Reached XP level 2. HP: 21/27 MP: 1/1
   267 | D:1      | Reached skill level 4 in Maces & Flails
   346 | D:1      | Found a faded altar of an unknown god.
   739 | D:2      | Reached XP level 3. HP: 30/33 MP: 2/2
  1010 | D:2      | Reached ** piety under Trog
  1071 | D:2      | Reached XP level 4. HP: 26/40 MP: 3/3
  1663 | D:3      | Noticed Terence
  1744 | D:3      | Killed Terence
  1802 | D:3      | Noticed Sigmund
  2138 | D:3      | Found a runed translucent door.
  2140 | D:3      | Noticed a bullfrog
  2141 | D:3      | Noticed zurenarrh's ghost (amateur OgHu)
  2163 | D:3      | Found a runed translucent door.
  2241 | D:2      | Reached XP level 5. HP: 22/47 MP: 4/4
  2528 | D:3      | Killed Sigmund
  2529 | D:3      | Reached skill level 5 in Maces & Flails
  2529 | D:3      | Reached skill level 1 in Throwing
  2529 | D:3      | Reached skill level 5 in Armour
  2529 | D:3      | Reached XP level 6. HP: 52/53 MP: 5/5
  2825 | D:3      | Killed zurenarrh's ghost
  2826 | D:3      | Reached skill level 5 in Fighting
  2826 | D:3      | Reached skill level 6 in Maces & Flails
  2930 | D:4      | Noticed Eustachio
  2930 | D:4      | Noticed Duvessa
  2934 | D:4      | Reached XP level 7. HP: 61/61 MP: 6/6
  2934 | D:4      | Noticed Dowan
  2948 | D:4      | HP: 2/61 [Duvessa (4)]
  2953 | D:4      | HP: 3/61 [Duvessa (1)]
  2958 | D:4      | HP: 3/61 [Duvessa (4)]
  3257 | D:4      | Killed Duvessa
  3261 | D:4      | Killed Dowan
  3264 | D:4      | Killed Eustachio
  3265 | D:4      | Reached skill level 7 in Maces & Flails
  3753 | D:4      | Reached XP level 8. HP: 56/70 MP: 7/7
  4342 | D:5      | Entered Level 5 of the Dungeon
  4597 | D:5      | Reached skill level 8 in Maces & Flails
  4633 | D:5      | Identified the +5 spear of Indignation {vamp, rElec rC-
                  | Str+2}
  4643 | D:5      | Killed from afar by an orc priest

Illustrated notes

Levels and vault maps discovered:
D:1:      grunt_arrival_lava_bath, layout_rooms, basic_ecumenical_altar
D:2:      layout_loops_ring, dk_vineyard_1, minmay_3d_cube
D:3:      layout_rooms, ebering_ghost_sewer_f, minmay_misc_feat_doors,
          skrybe_limestone_x, uniq_terence, uniq_sigmund
D:4:      layout_basic, hex_medium, uniq_eustachio, uniq_duvessa
D:5:      layout_loops_ring, gup_sewer_entry_bubbles, chequers_decorated_corner,
          minivault_27

Skill      XL: |  1  2  3  4  5  6  7  8 |
---------------+-------------------------+-----
Maces & Flails | 4 5 6 7 8 |  8.1
Armour         | 3 4 5 7 |  7.7
Fighting       | 4 5 6 |  6.3
Dodging        | 3 |  3.0
Throwing       | 1 2 3 |  3.3

Action                   |  1- 3 |  4- 6 |  7- 9 || total
-------------------------+-------+-------+-------++-------
Melee: Mace              |    39 |       |       ||    39
       Headbutt          |     7 |    10 |    11 ||    28
       Flail             |    10 |       |    81 ||    91
       Quarterstaff      |    26 |    60 |    31 ||   117
 Fire: Hunting sling     |       |     3 |       ||     3
Throw: Dart              |       |     6 |       ||     6
Invok: Berserk           |     1 |       |     1 ||     2
       Trog's Hand       |       |     4 |     5 ||     9
  Use: Scroll            |     3 |     3 |       ||     6
       Potion            |       |       |     7 ||     7
Armor: Animal skin       |    15 |       |       ||    15
       Leather armour    |     5 |     1 |       ||     6
       Chain mail        |       |    34 |    63 ||    97
Dodge: Dodged            |    52 |    33 |    54 ||   139

Table legend: (Time is in decaauts)
 A = Elapsed time spent in this place.
 B = Non-inter-level travel time spent in this place.
 C = Inter-level travel time spent in this place.
 D = Time resting spent in this place.
 E = Time spent auto-exploring this place.
 F = Levels seen in this place.
 G = Mean time per level.
                   A        B        C        D        E       F      G
               +--------+--------+--------+--------+--------+-----+--------+
         Total |   4695 |   4394 |    301 |    837 |   2445 |   5 |  939.0 |
       Dungeon |   4695 |   4394 |    301 |    837 |   2445 |   5 |  939.0 |
               +--------+--------+--------+--------+--------+-----+--------+

Top non-repeatable levels by time:
     D:2: 1765 daAuts
     D:4: 1082 daAuts
     D:3: 986 daAuts
     D:1: 559 daAuts
     D:5: 301 daAuts
